 Dungeon Crawl Stone Soup version 0.31.0-11-ge490571c62 (webtiles) character file.

Game seed: 18093125679771588869

527192 SnakkuSnakku7 the Impregnable (level 25, -23/189 HPs)
             Began as a Human Delver on Jan 28, 2024.
             Was the Champion of Hepliaklqana.
             Annihilated by a snapping turtle (37 damage)
             ... spawned from a protean progenitor
             ... on level 3 of the Realm of Zot.
             The game lasted 01:42:44 (46086 turns).

SnakkuSnakku7 the Impregnable (Human Delver)       Turns: 46086, Time: 01:42:45

Health: -23/189    AC: 47    Str: 25      XL:     25   Next: 50%
Magic:  30/30      EV: 16    Int:  9 (10) God:    Hepliaklqana [******]
Gold:   3494       SH: 23    Dex: 21      Spells: 24/24 levels left

rFire   + . .        a - +7 sceptre of Torment {pain, torment}
rCold   + . .        T - +0 tower shield
rNeg    + + .        R - +3 gold dragon scales
rPois   +            t - +2 helmet
rElec   .            u - +2 cloak of the Thief {*Fog Slay-2 SInv Stlth+}
rCorr   .            O - +1 pair of gloves {Dex+3}
SInv    +            F - +2 pair of boots
Will    +....        I - amulet of regeneration Stlth
                     i - ring "Itahae" {rN++ AC+4 Dex+3}
HPRegen 1.31/turn    Y - +5 ring of evasion
MPRegen 0.22/turn

%: no passive effects
@: very slightly contaminated, studying Stealth
A: reduced essence, explore regen, deterioration 1
}: 3/15 runes: barnacled, silver, gossamer
a: Renounce Religion, Recall Ancestor, Ancestor Identity, Transference, Idealise


You were on level 3 of the Realm of Zot.
You worshipped Hepliaklqana.
Hepliaklqana was exalted by your worship.
You visited 8 branches of the dungeon, and saw 43 of its levels.
You visited the Abyss 2 times.
You also visited: Sewer.

You collected 6064 gold pieces.
You spent 2570 gold pieces at shops.

Inventory:

Hand Weapons
 a - the +7 sceptre of Torment (weapon) {pain, torment}
   (You acquired it on level 14 of the Dungeon)
Missiles
 d - 5 throwing nets
 j - 8 curare-tipped darts (quivered)
Armour
 t - a +2 helmet (worn)
 u - the +2 cloak of the Thief (worn) {*Fog Slay-2 SInv Stlth+}
   (You found it on level 5 of the Vaults)

   *Fog:      It may release a thick cloud of smoke when the wearer is hurt.
   Slay-2:    It affects your accuracy & damage with ranged weapons and melee
   (-2).
   SInv:      It lets you see invisible.
   Stlth+:    It makes you more stealthy.
 F - a +2 pair of boots (worn)
 O - a +1 pair of gloves of dexterity (worn)
 R - +3 gold dragon scales (worn)
 T - a +0 tower shield (worn)
Jewellery
 i - the ring "Itahae" (left hand) {rN++ AC+4 Dex+3}
   (You bought it in a shop on level 2 of the Orcish Mines)

   [ring of protection]

   AC+4:      It affects your AC (+4).
   Dex+3:     It affects your dexterity (+3).
   rN++:      It greatly protects you from negative energy.
 m - a ring of protection from fire
 v - a ring of resist corrosion
 A - a ring of see invisible
 I - an amulet of regeneration (around neck)
 Y - a +5 ring of evasion (right hand)
Wands
 g - a wand of digging (12)
 h - a wand of paralysis (13)
 l - a wand of flame (74)
 z - a wand of quicksilver (19)
 K - a wand of polymorph (6)
 L - a wand of mindburst (38)
 W - a wand of iceblast (28)
Scrolls
 c - 11 scrolls of fog
 e - 2 scrolls of revelation
 p - 10 scrolls of teleportation
 s - 8 scrolls of poison
 E - 4 scrolls of blinking
 H - 5 scrolls of fear
 J - 6 scrolls of vulnerability
 Q - a scroll of butterflies
 X - 2 scrolls of immolation
Potions
 b - a potion of heal wounds
 f - 4 potions of haste
 k - 11 potions of enlightenment
 n - 5 potions of magic
 o - a potion of cancellation
 r - 7 potions of brilliance
 w - 5 potions of attraction
 x - 8 potions of invisibility
 B - 4 potions of berserk rage
 C - 20 potions of curing
 D - 8 potions of mutation
 G - 5 potions of ambrosia
 M - 12 potions of might
 V - a potion of resistance
Miscellaneous
 q - a phantom mirror
 N - a box of beasts
 S - a tin of tremorstones (2/2)


   Skills:
 - Level 20.0 Fighting
 - Level 16.0 Maces & Flails
 - Level 3.7 Polearms
 + Level 23.9 Armour
 - Level 10.0 Dodging
 - Level 5.3 Stealth
 - Level 20.0 Shields
 - Level 10.0 Necromancy
 - Level 10.0 Invocations
 - Level 15.0 Evocations


You had 24 spell levels left.
You didn't know any spells.
Your spell library contained the following spells:

 Spells                   Type           Power      Damage    Failure   Level
 Necrotise                Necr           72%        1d7       11%         1
 Fugue of the Fallen      Necr           18%        N/A       32%         3
 Kiss of Death            Conj/Necr      36%        2d8       63%         1
 Animate Dead             Necr           18%        N/A       71%         4
 Dispel Undead            Necr           18%        3d11      71%         4
 Curse of Agony           Necr           18%        N/A       96%         5
 Apportation              Tloc           0%         N/A       100%        1
 Foxfire                  Conj/Fire      0%         2x1d4     100%        1
 Sandblast                Erth           0%         2d4       100%        1
 Shock                    Conj/Air       0%         1d3       100%        1
 Sting                    Conj/Alch      0%         1d3       100%        1
 Summon Small Mammal      Summ           0%         N/A       100%        1
 Mercury Vapours          Alch/Air       0%         N/A       100%        2
 Scorch                   Fire           0%         2d5       100%        2
 Static Discharge         Conj/Air       0%         3-3/arc   100%        2
 Call Canine Familiar     Summ           0%         N/A       100%        3
 Confusing Touch          Hex            0%         N/A       100%        3
 Hailstorm                Conj/Ice       0%         3d5       100%        3
 Inner Flame              Hex/Fire       0%         N/A       100%        3
 Ozocubu's Armour         Ice            0%         N/A       100%        3
 Passwall                 Erth           0%         N/A       100%        3
 Sigil of Binding         Hex            0%         N/A       100%        3
 Stone Arrow              Conj/Erth      0%         3d7       100%        3
 Summon Ice Beast         Ice/Summ       0%         N/A       100%        3
 Tukima's Dance           Hex            0%         N/A       100%        3
 Volatile Blastmotes      Fire/Tloc      0%         2d10      100%        3
 Airstrike                Air            0%         2d(0-16)  100%        4
 Anguish                  Hex/Necr       4%         N/A       100%        4
 Animate Armour           Summ/Erth      0%         N/A       100%        4
 Brom's Barrelling Bould  Conj/Erth      0%         2d3       100%        4
 Cause Fear               Hex            0%         N/A       100%        4
 Dimensional Bullseye     Hex/Tloc       0%         N/A       100%        4
 Flame Wave               Conj/Fire      0%         2d4       100%        4
 Fulminant Prism          Conj/Alch      0%         3d5       100%        4
 Iskenderun's Mystic Bla  Conj/Tloc      0%         2d3       100%        4
 Leda's Liquefaction      Alch/Erth      0%         N/A       100%        4
 Manifold Assault         Tloc           0%         N/A       100%        4
 Olgreb's Toxic Radiance  Alch           0%         N/A       100%        4
 Sticky Flame             Fire/Alch      0%         2d4       100%        4
 Summon Lightning Spire   Summ/Air       0%         N/A       100%        4
 Vhi's Electric Charge    Tloc/Air       0%         N/A       100%        4
 Arcjolt                  Conj/Air       0%         1d10      100%        5
 Borgnjor's Vile Clutch   Necr/Erth      4%         N/A       100%        5
 Fireball                 Conj/Fire      0%         3d3       100%        5
 Iskenderun's Battlesphe  Conj           0%         2d6       100%        5
 Conjure Ball Lightning   Conj/Air       0%         3x3d6     100%        6
 Death Channel            Necr           9%         N/A       100%        6
 Plasma Beam              Fire/Air       0%         2x1d10    100%        6
 Sculpt Simulacrum        Ice/Alch       0%         N/A       100%        6
 Starburst                Conj/Fire      0%         6d3       100%        6
 Summon Cactus Giant      Summ           0%         N/A       100%        6
 Enfeeble                 Hex            0%         N/A       100%        7
 Haunt                    Necr/Summ      4%         N/A       100%        7
 Orb of Destruction       Conj           0%         9d5       100%        7
 Borgnjor's Revivificati  Necr           9%         N/A       100%        8
 Lehudib's Crystal Spear  Conj/Erth      0%         10d2      100%        8
 Chain Lightning          Conj/Air       0%         N/A       100%        9
 Death's Door             Necr           9%         N/A       100%        9
 Dragon's Call            Summ           0%         N/A       100%        9
 Fire Storm               Conj/Fire      0%         5d1       100%        9
 Shatter                  Erth           0%         3d5*      100%        9


Dungeon Overview and Level Annotations

Branches:
Dungeon (15/15)            Temple (0/1) D:5            Lair (5/5) D:9
 Shoals (4/4) Lair:2       Spider (4/4) Lair:2        Slime (0/5) Lair:4
    Orc (2/2) D:10            Elf (0/3) Orc:2        Vaults (5/5) D:13
  Crypt (0/3) Vaults:3     Depths (4/4) D:15            Zot (4/5) Depths:4
  Sewer (visited)

Altars:
Cheibriados
Dithmenos
Elyvilon
Hepliaklqana
Makhleb
Qazlal
Ru
Sif Muna
Trog
Uskayaw
Vehumet
Wu Jian
Yredelemnul
Zin

Shops:
D:9 *   D:14 :   D:15 *   Orc:1 !   Orc:2 :=(**   Shoals:3 *   Vaults:1 ?
Vaults:2 (   Vaults:4 :   Depths:1 (

Portals:
Hell: Depths:1 Depths:2 Depths:3 Depths:4
Abyss: Depths:3
Pandemonium: Depths:2
Ziggurat: Depths:4

Annotations:
Spider:2 2 transporters, Roxanne; Taocaav's ghost, adept CeHu
Depths:1 1 transporter
Depths:3 3 runed translucent doors
Zot:1 2 runed translucent doors


Innate Abilities, Weirdness & Mutations

Your life essence is reduced to manifest your ancestor. (-10% HP)
You regain HP and MP as you explore.
Your body sometimes deteriorates upon taking damage.


Message History

⑨ hits the wandering mushroom but does no damage.
You block the snapping turtle's attack. x2
The wandering mushroom releases spores at you.
You are engulfed in a cloud of dizzying spores!
The wandering mushroom barely misses you.
You block the wandering mushroom's attack. ⑨ hits the curse toe with a +0 broad axe of speed. ⑨ hits the wandering mushroom with a +0 broad axe of speed!
The wandering mushroom is destroyed!
The wandering mushroom disappears in a puff of smoke!
You bludgeon the curse toe!!
The snapping turtle convulses! x2
The curse toe is severely damaged.
You block the snapping turtle's attack.
The curse toe gestures.
The snapping turtle barely misses you. ⑨ hits the curse toe with a +0 broad axe of speed. ⑨ hits the wandering mushroom with a +0 broad axe of speed! x2
You block the wandering mushroom's attack. x2
Unknown command.
You hit the curse toe but do no damage.
The curse toe is severely damaged.
You block the snapping turtle's attack. ⑨ hits the curse toe with a +0 broad axe of speed!!
The curse toe is destroyed!
The wandering mushroom disappears in a puff of smoke! x6
You block the snapping turtle's attack.
A snapping turtle comes into view.
Unknown command.
The snapping turtle bites you!!
* * * LOW HITPOINT WARNING * * *
Your body deteriorates!
You feel dopey. You block the snapping turtle's attack.
The snapping turtle bites you from afar!!
* * * LOW HITPOINT WARNING * * *
Unknown command.
You completely miss the snapping turtle.
The snapping turtle is almost dead.
You block the snapping turtle's attack. x2
The snapping turtle bites you from afar!!!
You die...

.........####
............##
.#########....
##.....##...
##..##..##...
######..###..##...
##§§t...#§#...#....
#§§Rt§.###....#....
#§@##..##..##..#..#
#§t###.....###.[###
#..§###.....###....
#....###.....###...
#..##..##..##..##..#
#..###.....###.....##
#..###.....###.....###
#.# #=....###.(...###.
#. #..##..##..##..##..


You could see the friendly ⑨ the knight (fast, reflecting) and 3 snapping
turtles.

Vanquished Creatures
  A dread lich (Vaults:5)
  An ancient lich (Vaults:5)
  Mennas (Depths:2)
  Mara (Shoals:4)
  Sojobo (Depths:2)
  3 curse toes
  A Killer Klown (Zot:2)
  Margery (Depths:4)
  5 golden dragons
  Norris (Vaults:3)
  6 bone dragons
  2 doom hounds
  A Tzitzimitl (Depths:2)
  7 tentacled monstrosities
  Zenata (Vaults:4)
  Grunn (Depths:2)
  5 titans (Vaults:5)
  3 sphinxes
  A walking earthen tome (Depths:4)
  A quicksilver dragon (Vaults:5)
  A searing wretch (Depths:4)
  A death cob (Zot:3)
  2 tengu reavers
  A tentacled starspawn (Abyss:3)
  2 storm dragons (Depths:4)
  9 shadow dragons
  5 protean progenitors
  2 draconian knights (Zot:2)
  2 draconian monks (Zot:2)
  A draconian shifter (Zot:2)
  20 vault wardens
  8 emperor scorpions
  3 draconian scorchers
  6 frost giants
  4 fire giants
  Louise (D:15)
  7 ghost moths
  A draconian annihilator (Zot:1)
  A spriggan defender (Depths:3)
  A broodmother (Spider:2)
  An orc warlord (Vaults:3)
  14 ironbound preservers
  14 very ugly things
  2 reapers
  A formless jellyfish (Vaults:4)
  2 ironbound thunderhulks
  A green draconian (Depths:4)
  A deep elf demonologist (Vaults:5)
  16 stone giants
  2 vampire knights (Depths:2)
  A deep elf death mage (Vaults:5)
  5 black draconians
  3 deep elf annihilators
  6 yellow draconians
  A putrid mouth (Depths:2)
  A bunyip (Zot:3)
  2 purple draconians
  A war gargoyle (Vaults:2)
  A red draconian (Zot:1)
  3 dire elephants (Vaults:1)
  7 spark wasps
  2 white draconians
  12 ettins
  2 merfolk impalers (Shoals:1)
  A crystal guardian (Vaults:2)
  7 fire dragons
  3 deep elf high priests
  4 merfolk javelineers
  The ghost of browni3141 the Cleaver, a journeyman MiFi of Okawaru (Lair:1)
  9 yaktaur captains
  4 entropy weavers
  8 great orbs of eyes
  2 rakshasas (Depths:2)
  5 hydras
  27 vault guards
  6 ice dragons
  A peacekeeper (Vaults:2)
  A radroach (Spider:2)
  A spriggan air mage (Depths:4)
  11 boulder beetles
  A jorogumo (Spider:2)
  6 ogre magi
  A merfolk avatar (Shoals:4)
  2 merfolk aquamancers (Shoals:4)
  A death knight (Vaults:3)
  7 ironbound frosthearts
  An alligator snapping turtle (Shoals:3)
  10 centaur warriors
  13 two-headed ogres
  A tengu warrior (Depths:2)
  6 deep troll shamans
  4 satyrs
  A thrashing horror (Abyss:3)
  An orc high priest (Orc:2)
  5 spriggan berserkers
  2 demonic crawlers (Spider:2)
  3 occultists
  4 hell knights
  2 soul eaters (Zot:3)
  Urug (Orc:2)
  7 deep troll earth magi
  2 wretched stars
  Amaemon (Lair:3)
  A shadow wraith (Vaults:5)
  3 sun demons (Shoals:3)
  3 pharaoh ants (Spider:2)
  A cyclops (shapeshifter) (Vaults:5)
  3 skysharks
  A goliath frog (Depths:3)
  5 sea snakes
  4 glowing orange brains
  13 iron trolls
  A death drake (Zot:3)
  8 orb spiders
  3 arcanists (Vaults:4)
  3 spriggan druids
  2 sun moths
  4 phantasmal warriors (Vaults:5)
  An orb spider (shapeshifter) (Vaults:5)
  2 glowing orange brains (shapeshifter)
  A lindwurm (shapeshifter) (Vaults:5)
  55 deep trolls
  19 ironbound convokers
  10 starcursed masses
  6 orc knights
  20 ugly things
  2 necromancers
  A deep elf pyromancer (D:15)
  20 wolf spiders
  5 steelbarb worms
  12 harpies
  8 lindwurms
  A fire giant zombie (Vaults:2)
  An orc sorcerer (Orc:1)
  7 manticores
  3 cyclopes
  18 fauns
  9 moths of wrath
  A tengu skeleton (Vaults:2)
  13 black mambas
  10 elephants (Lair:4)
  3 smoke demons
  3 water nymphs
  2 kobold blastminers (Orc:1)
  6 merfolk sirens
  Maurice (Orc:1)
  An apocalypse crab (Abyss:2)
  4 meliai
  6 torpor snails
  20 vault sentinels
  3 orange demons
  8 cane toads
  4 large abominations
  4 unseen horrors
  A freezing wraith (Vaults:3)
  4 kobold demonologists (D:9)
  3 rime drakes
  29 yaktaurs
  5 komodo dragons
  A tormentor (Depths:2)
  A human skeleton (Vaults:2)
  12 merfolk
  5 trolls
  A tengu simulacrum (Vaults:2)
  5 tengu conjurers
  A wind drake (shapeshifter) (Vaults:5)
  A yaktaur skeleton (Vaults:2)
  6 hornets
  A wind drake (Shoals:4)
  25 tarantellas
  2 snapping turtles
  9 blink frogs
  5 dream sheep (Lair:5)
  33 slime creatures
  A human simulacrum (Vaults:2)
  2 centaur simulacra
  17 culicivoras
  11 spriggans (Depths:3)
  39 jumping spiders
  A spriggan (shapeshifter) (D:14)
  13 wyverns
  9 water elementals
  27 yaks
  A shadow (D:9)
  A ynoxinul (Abyss:3)
  2 wraiths
  A yak (shapeshifter) (D:14)
  A human (shapeshifter) (D:14)
  5 wargs
  65 redbacks
  3 steam dragons
  A redback (shapeshifter) (D:14)
  4 vampire mosquitoes (D:13)
  2 chaos spawn
  Menkaure (D:4)
  3 acid dragons
  19 water moccasins
  10 orc warriors
  4 laughing skulls (Abyss:2)
  An ice beast (D:4)
  A sky beast (D:6)
  21 ogres
  3 boggarts (Vaults:1)
  2 small abominations (Depths:3)
  14 wolves
  16 centaurs
  A phantom (D:6)
  4 kobold brigands
  9 bullfrogs
  5 scorpions
  2 wights (D:6)
  4 killer bees (D:8)
  2 howler monkeys (D:5)
  7 orc priests
  2 jellies
  3 bombardier beetles
  3 gnoll boudas
  5 hounds
  2 sleepcaps
  Terence (D:3)
  4 iguanas
  14 orc wizards
  Natasha (twice) (D:3)
  5 adders
  12 gnolls
  2 river rats (Sewer)
  A shadow imp (D:5)
  3 white imps
  An ufetubus (Abyss:3)
  2 ribbon worms (Lair:2)
  38 orcs
  4 ball pythons
  11 endoplasms
  5 giant cockroaches
  10 goblins
  6 hobgoblins
  3 jackals (D:5)
  6 quokkas
  7 bats
  3 frilled lizards
  16 kobolds
  4 rats
  A spectral weapon (Depths:3)
  A starspawn tentacle (Abyss:3)
  2 tentacles
1405 creatures vanquished.

Vanquished Creatures (collateral kills)
  A dread lich (Vaults:5)
  Vv (Depths:3)
  3 curse toes
  A golden dragon (Vaults:5)
  3 bone dragons
  7 tentacled monstrosities
  A lich (Abyss:2)
  2 quicksilver dragons
  A titan (Vaults:5)
  2 sphinxes
  3 krakens
  3 death cobs
  2 tengu reavers
  3 shadow dragons
  A storm dragon (Vaults:5)
  A draconian shifter (Zot:3)
  4 frost giants
  A protean progenitor (Zot:1)
  A deep elf sorcerer (Vaults:5)
  A draconian monk (Depths:4)
  3 fire giants
  A vault warden (Vaults:2)
  A ghost moth (Spider:4)
  2 emperor scorpions (Spider:4)
  7 ironbound preservers
  2 broodmothers
  A spriggan defender (Depths:3)
  A formless jellyfish (Vaults:4)
  9 very ugly things
  3 ironbound thunderhulks
  6 stone giants
  A green draconian (Depths:4)
  A war gargoyle (Vaults:5)
  A yellow draconian (Depths:4)
  A purple draconian (Abyss:2)
  A black draconian (Depths:4)
  A deep elf death mage (Vaults:5)
  3 spark wasps
  A bunyip (Zot:3)
  A merfolk javelineer (Shoals:4)
  3 ettins
  A quicksilver dragon zombie (Zot:3)
  2 fire dragons (Depths:2)
  5 entropy weavers
  3 yaktaur captains
  A spriggan air mage (Depths:2)
  4 great orbs of eyes
  An ice dragon (Depths:2)
  A hydra (Lair:4)
  5 centaur warriors
  4 vault guards
  An ogre mage (Orc:2)
  A merfolk avatar (Shoals:1)
  2 radroaches
  A boulder beetle (Spider:4)
  4 ironbound frosthearts
  A death knight (Vaults:3)
  4 deep troll shamans
  2 satyrs (Shoals:4)
  5 two-headed ogres
  3 deep troll earth magi
  A spriggan berserker (Depths:3)
  3 demonic crawlers
  A hell knight (Depths:4)
  A soul eater (Zot:3)
  A sun demon (Shoals:3)
  A skyshark (Vaults:3)
  2 iron trolls (Depths:3)
  17 deep trolls
  5 orb spiders
  A flayed ghost (Depths:4)
  A mana viper (shapeshifter) (D:14)
  4 sea snakes
  3 steelbarb worms (Spider:4)
  A sun moth (Shoals:3)
  2 spriggan druids (Depths:3)
  A lindwurm (Vaults:1)
  A deep elf pyromancer (D:13)
  5 harpies
  2 necromancers
  An ironbound convoker (Vaults:3)
  An orc knight (Vaults:3)
  3 fauns
  8 ugly things
  8 wolf spiders
  A draconian zombie (Zot:3)
  5 manticores
  3 large abominations
  A stone giant skeleton (Vaults:2)
  2 meliai
  7 vault sentinels
  A black mamba (Lair:4)
  2 water nymphs
  3 merfolk sirens
  A guardian serpent (Lair:5)
  A water nymph (shapeshifter) (Depths:2)
  2 cane toads (Lair:5)
  3 torpor snails
  4 unseen horrors
  A rime drake (Lair:2)
  A tengu conjurer (D:13)
  10 yaktaurs
  A freezing wraith (Vaults:5)
  An ancient zyme (Abyss:2)
  7 merfolk
  A silent spectre (Abyss:2)
  7 tarantellas
  A hornet (Depths:3)
  3 blink frogs
  A wind drake (Shoals:4)
  2 snapping turtles
  10 jumping spiders
  A ynoxinul (Abyss:3)
  9 culicivoras
  6 spriggans (Depths:3)
  A small abomination (Depths:3)
  5 water elementals
  5 slime creatures
  5 wyverns
  2 wraiths
  A basilisk (Lair:4)
  A vampire (D:14)
  12 yaks
  22 redbacks
  A steam dragon (D:8)
  A chaos spawn (Depths:3)
  An acid dragon (D:13)
  A water moccasin (Lair:5)
  A sky beast (D:6)
  2 orc warriors
  A laughing skull (Abyss:3)
  4 centaurs
  2 boggarts (Vaults:1)
  13 ogres
  A wolf (Lair:2)
  2 kobold brigands
  5 bullfrogs
  A scorpion (Depths:2)
  3 wights (D:6)
  A gnoll bouda (D:7)
  2 jellies
  2 starcursed masses (Abyss:3)
  2 iguanas
  7 orc wizards
  Robin (D:3)
  5 gnolls
  4 adders
  A shadow imp (Abyss:2)
  3 ufetubi
  14 orcs
  2 ball pythons (Sewer)
  4 endoplasms (Sewer)
  6 giant cockroaches
  7 goblins
  A hobgoblin (D:3)
  A jackal (D:5)
  A quokka (D:3)
  2 frilled lizards (Sewer)
  A kobold (D:9)
  An aspiring flesh (Zot:1)
  A butterfly (Lair:3)
  5 tentacles
482 creatures vanquished.

Vanquished Creatures (others)
  A merfolk aquamancer (Shoals:4)
  A shadow wraith (Vaults:5)
  2 deep trolls (Depths:4)
  A yaktaur (Vaults:3)
  A redback (Spider:4)
  A warg (Orc:2)
  An orc warrior (Vaults:5)
  A boggart (Vaults:1)
  30 knights
  3 ancestors
  An orc (Vaults:5)
  A starspawn tentacle (Abyss:3)
  11 tentacles
55 creatures vanquished.

Grand Total: 1942 creatures vanquished

Notes
Turn   | Place    | Note
-------+----------+-------------------------------------------
     0 | D:5      | SnakkuSnakku7 the Human Delver began the quest for the Orb.
     0 | D:5      | Reached XP level 1. HP: 18/18 MP: 1/1
   171 | D:3      | Found a hazy altar of Hepliaklqana.
   177 | D:3      | Identified the +1 pair of boots of Nido {Harm Slay+3}
   219 | D:2      | Reached XP level 2. HP: 24/24 MP: 2/2
   246 | D:3      | Became a worshipper of Hepliaklqana the Forgotten
   485 | D:1      | Reached XP level 3. HP: 29/29 MP: 3/3
   544 | D:1      | Found a faded altar of an unknown god.
   985 | D:2      | Found a stormy altar of Qazlal.
  1298 | D:2      | Reached * piety under Hepliaklqana
  1675 | D:3      | Reached skill level 1 in Polearms
  1675 | D:3      | Reached XP level 4. HP: 31/31 MP: 4/4
  1676 | D:3      | Noticed Natasha
  1682 | D:3      | Killed Natasha
  1686 | D:3      | Noticed Robin
  1717 | D:3      | Reached XP level 5. HP: 16/36 MP: 5/5
  1720 | D:3      | Killed Robin
  1723 | D:3      | Noticed Natasha
  1845 | D:3      | Killed Natasha
  2051 | D:3      | Noticed Terence
  2058 | D:3      | Killed Terence
  2331 | D:4      | Noticed a water moccasin
  2345 | D:4      | Killed a water moccasin
  2346 | D:4      | Reached XP level 6. HP: 42/42 MP: 6/6
  2380 | D:4      | Found a sacrificial altar of Ru.
  2516 | D:4      | Noticed Menkaure
  2537 | D:4      | Killed Menkaure
  2538 | D:4      | Reached skill level 5 in Maces & Flails
  2538 | D:4      | Reached XP level 7. HP: 46/46 MP: 7/7
  2906 | D:5      | Found a staircase to the Ecumenical Temple.
  2912 | D:5      | Found a basalt altar of Yredelemnul.
  2976 | D:5      | Reached XP level 8. HP: 43/52 MP: 8/8
  3107 | D:5      | Reached ** piety under Hepliaklqana
  3114 | D:5      | Remembered your ancestor ⑨ as a knight
  3615 | D:5      | Found a snail-covered altar of Cheibriados.
  3882 | D:6      | Found a glowing drain.
  3892 | Sewer    | Entered a sewer
  4036 | Sewer    | Found a viscous altar of Jiyva.
  4119 | D:6      | Found a burning altar of Makhleb.
  4238 | D:6      | Found an ornate altar of the Wu Jian Council.
  4338 | D:6      | Noticed a two-headed ogre
  4352 | D:6      | Killed a two-headed ogre
  4353 | D:6      | Reached XP level 9. HP: 47/57 MP: 9/9
  5172 | D:7      | Reached *** piety under Hepliaklqana
  5635 | D:7      | Reached XP level 10. HP: 51/63 MP: 10/10
  5746 | D:7      | Identified the +8 dagger of Kesh {drain, *Corrode rElec
                  | rPois rF++}
  5988 | D:7      | Found a hide-covered altar of Uskayaw.
  6047 | D:7      | Found a bloodstained altar of Trog.
  6572 | D:8      | Reached **** piety under Hepliaklqana
  6889 | D:9      | Reached skill level 5 in Fighting
  6946 | D:9      | Found a white marble altar of Elyvilon.
  7054 | D:9      | Found a staircase to the Lair.
  7189 | D:9      | Found a glowing silver altar of Zin.
  7444 | D:9      | Found Zyxolamp's Demolitions Depot.
  7456 | D:9      | Paralysed by a hornet for 3 turns
  7673 | D:9      | Noticed a two-headed ogre
  7690 | D:9      | Killed a two-headed ogre
  7691 | D:9      | Reached XP level 11. HP: 77/77 MP: 11/11
  8006 | D:10     | Entered Level 10 of the Dungeon
  8312 | D:9      | Noticed a sun demon
  8393 | D:10     | Found a staircase to the Orcish Mines.
  8505 | D:10     | Reached skill level 10 in Fighting
  8505 | D:10     | Reached skill level 1 in Armour
  8641 | D:10     | Reached skill level 2 in Armour
  8846 | D:10     | Reached ***** piety under Hepliaklqana
  8896 | D:10     | Paralysed by a hornet for 1 turns
  8902 | D:10     | Reached skill level 3 in Armour
  9108 | Lair:1   | Entered Level 1 of the Lair of Beasts
  9164 | Lair:1   | Noticed a wolf spider
  9164 | Lair:1   | Noticed a wolf spider
  9179 | Lair:1   | Killed a wolf spider
  9180 | Lair:1   | Reached skill level 4 in Armour
  9190 | Lair:1   | Killed a wolf spider
  9191 | Lair:1   | Reached skill level 5 in Armour
  9264 | Lair:1   | Reached skill level 6 in Armour
  9335 | Lair:1   | Found a runed translucent door.
  9336 | Lair:1   | Noticed browni3141's ghost (journeyman MiFi)
  9365 | Lair:1   | Reached skill level 7 in Armour
  9627 | Lair:1   | Reached XP level 12. HP: 87/87 MP: 12/12
 10015 | Lair:2   | Reached skill level 8 in Armour
 10249 | Lair:2   | Reached skill level 9 in Armour
 10467 | Lair:2   | Found a hole to the Spider Nest.
 10645 | Lair:2   | Found a staircase to the Shoals.
 11037 | Lair:3   | Reached skill level 10 in Armour
 11037 | Lair:3   | Reached skill level 1 in Evocations
 11108 | Lair:3   | Noticed Amaemon
 11159 | Lair:3   | Killed Amaemon
 11381 | Lair:3   | Reached ****** piety under Hepliaklqana
 11393 | Lair:3   | Reached skill level 1 in Shields
 11889 | Lair:4   | Noticed an eight-headed hydra
 11901 | Lair:4   | Killed an eight-headed hydra
 11902 | Lair:4   | Reached skill level 5 in Shields
 11975 | Lair:4   | Reached XP level 13. HP: 89/92 MP: 13/13
 11984 | Lair:4   | Reached skill level 5 in Evocations
 12739 | Lair:4   | Found a staircase to the Slime Pits.
 12918 | Lair:5   | Entered Level 5 of the Lair of Beasts
 13405 | Lair:5   | Reached skill level 10 in Evocations
 13405 | Lair:5   | Reached skill level 1 in Invocations
 14304 | Lair:5   | Reached skill level 5 in Invocations
 15164 | Lair:5   | Reached XP level 14. HP: 98/99 MP: 19/19
 16648 | D:11     | Found a shadowy altar of Dithmenos.
 17004 | D:11     | Identified the +5 trident of the Land of Plenty {venom,
                  | Int+2}
 17170 | D:11     | Reached skill level 10 in Invocations
 18182 | Orc:1    | Entered Level 1 of the Orcish Mines
 18348 | Orc:1    | Noticed Maurice
 18355 | Orc:1    | Found a burning altar of Makhleb.
 18355 | Orc:1    | Maurice stole a phantom mirror
 18366 | Orc:1    | Maurice stole a +1 flail of draining
 18370 | Orc:1    | Killed Maurice
 18371 | Orc:1    | Reached skill level 5 in Dodging
 18501 | Orc:2    | Entered Level 2 of the Orcish Mines
 18504 | Orc:2    | Found Fossimea's General Store.
 18508 | Orc:2    | Found a staircase to the Elven Halls.
 18517 | Orc:2    | Bought a potion of might for 44 gold pieces
 18517 | Orc:2    | Bought a +1 pair of gloves for 126 gold pieces
 18517 | Orc:2    | Bought a potion of curing for 33 gold pieces
 18526 | Orc:2    | Noticed Urug
 18662 | Orc:2    | Killed Urug
 20071 | Orc:2    | Reached XP level 15. HP: 69/103 MP: 18/22
 20164 | Orc:1    | Found Fullaets's Distillery.
 20183 | Orc:1    | Bought a potion of degeneration for 13 gold pieces
 20184 | Orc:1    | Bought a potion of haste for 130 gold pieces
 20184 | Orc:1    | Bought a potion of berserk rage for 65 gold pieces
 20357 | Orc:2    | Reached skill level 10 in Dodging
 20458 | Orc:2    | Found Wenoofi's Antique Weapon Shoppe.
 20458 | Orc:2    | Found Josal's Book Shop.
 20459 | Orc:2    | Found Ciad's Assorted Antiques.
 20459 | Orc:2    | Found Colonan's Jewellery Shoppe.
 20487 | Orc:2    | Bought the ring "Itahae" {rN++ AC+4 Dex+3} for 657 gold
                  | pieces
 20488 | Orc:2    | Bought 3 scrolls of blinking for 607 gold pieces
 21120 | D:13     | Found the +9 staff of Olgreb {rPois∞}
 21406 | D:13     | Found a gate to the Vaults.
 21665 | D:14     | Found Tyczisur's Tiny Tomes.
 21948 | D:14     | Reached skill level 10 in Shields
 22139 | D:14     | Identified a scroll of acquirement
 22142 | D:14     | Acquired the +7 sceptre of Torment {pain, torment}
 22142 | D:14     | Found the +7 sceptre of Torment {pain, torment}
 22370 | D:15     | Entered Level 15 of the Dungeon
 22386 | D:15     | Noticed Louise
 22467 | Abyss:2  | Cast into level 2 of the Abyss (Louise)
 22556 | Abyss:2  | Found a corrupted altar of Lugonu.
 22557 | Abyss:2  | Found a corrupted altar of Lugonu.
 22557 | Abyss:2  | Found a corrupted altar of Lugonu.
 22661 | D:15     | Escaped the Abyss
 22686 | D:15     | Killed Louise
 22687 | D:15     | Reached skill level 15 in Maces & Flails
 22971 | D:15     | Found a staircase to the Depths.
 23009 | D:15     | Found a runed translucent door.
 23039 | D:15     | Identified the +6 scale mail of Limitation {rPois rC++
                  | Regen+ Str-4}
 23068 | D:15     | Reached XP level 16. HP: 90/109 MP: 18/23
 23091 | D:15     | Found a white marble altar of Elyvilon.
 23408 | D:15     | Found Kietaeb's Globular Garage.
 23621 | Spider:1 | Entered Level 1 of the Spider Nest
 23657 | Spider:1 | Found a transporter.
 23913 | Spider:1 | Found a transporter.
 24348 | Spider:1 | Got the +0 pair of boots "Weppunake" {rN+ Str+3}
 24385 | Spider:2 | Noticed Taocaav's ghost (adept CeHu)
 24496 | Spider:2 | Reached skill level 1 in Necromancy
 24753 | Spider:2 | Noticed Roxanne
 24859 | Spider:2 | Found a transporter.
 24880 | Spider:2 | Found a transporter.
 25041 | Spider:3 | Reached skill level 5 in Necromancy
 25516 | Spider:3 | Reached XP level 17. HP: 64/115 MP: 20/24
 26144 | Spider:2 | Reached skill level 10 in Necromancy
 26371 | Spider:2 | Identified the +1 plate armour of Good Intentions {*Slow
                  | +Inv rPois}
 26529 | Spider:4 | Entered Level 4 of the Spider Nest
 27537 | Spider:4 | Reached skill level 15 in Shields
 27728 | Spider:4 | Reached XP level 18. HP: 104/124 MP: 1/25
 27807 | Spider:4 | Got a gossamer rune of Zot
 28043 | Shoals:1 | Entered Level 1 of the Shoals
 29404 | Shoals:3 | Found Cuulov's General Store.
 29412 | Shoals:3 | Bought a +4 plate armour of fire resistance for 550 gold
                  | pieces
 29412 | Shoals:3 | Bought a potion of heal wounds for 55 gold pieces
 29412 | Shoals:3 | Bought a scroll of blinking for 82 gold pieces
 29559 | Shoals:4 | Entered Level 4 of the Shoals
 29881 | Shoals:4 | Noticed Mara
 29939 | Shoals:4 | Reached skill level 15 in Fighting
 30161 | Shoals:4 | Got a barnacled rune of Zot
 30184 | Shoals:4 | Noticed SnakkuSnakku7's illusion
 30299 | Shoals:4 | Noticed SnakkuSnakku7's illusion
 30303 | Shoals:4 | Killed Mara
 30526 | Shoals:4 | Reached XP level 19. HP: 141/141 MP: 21/26
 30797 | Lair:1   | Killed browni3141's ghost
 31020 | Vaults:1 | Entered Level 1 of the Vaults
 31643 | Vaults:1 | Identified the +1 ring mail of Beogh, Sheltering {Regen+}
 31751 | Vaults:1 | Found Daogag's Magic Scroll Shop.
 31754 | Vaults:1 | Bought a scroll of teleportation for 48 gold pieces
 31754 | Vaults:1 | Bought a scroll of teleportation for 48 gold pieces
 31754 | Vaults:1 | Bought a scroll of teleportation for 48 gold pieces
 31754 | Vaults:1 | Bought a scroll of fog for 64 gold pieces
 32988 | Vaults:2 | Reached XP level 20. HP: 123/156 MP: 24/27
 33150 | Vaults:2 | Found Wuheituto's Antique Weapon Emporium.
 33550 | Vaults:3 | Found a staircase to the Crypt.
 33640 | Vaults:3 | Reached skill level 11 in Armour
 34095 | Vaults:3 | Reached skill level 12 in Armour
 34132 | Vaults:3 | Noticed Norris
 34135 | Vaults:3 | Killed Norris
 34446 | Vaults:3 | Reached skill level 13 in Armour
 35233 | Vaults:4 | Reached skill level 14 in Armour
 35292 | Vaults:4 | Noticed Zenata
 35369 | Vaults:4 | Killed Zenata
 35450 | Vaults:4 | Reached XP level 21. HP: 164/164 MP: 28/28
 35481 | Vaults:4 | Reached skill level 15 in Armour
 35878 | Vaults:4 | Found Athreq's Book Shoppe.
 36027 | Vaults:4 | Identified the +7 ring mail "Leroaloa" {*Slow rC- rN+++
                  | rCorr}
 36074 | Vaults:4 | Reached skill level 16 in Armour
 36453 | Vaults:5 | Entered Level 5 of the Vaults
 36566 | Vaults:5 | Noticed an ancient lich
 36575 | Vaults:4 | Reached skill level 17 in Armour
 36826 | Vaults:5 | Got Rykes's Basics of the Sibylline Arts
 36888 | Vaults:5 | Noticed a dread lich
 36891 | Vaults:5 | Identified the +5 rapier "Zuaj" {spect, rPois Str+2}
 36912 | Vaults:5 | Killed a dread lich
 36966 | Vaults:5 | Killed an ancient lich
 36967 | Vaults:5 | Reached skill level 18 in Armour
 37008 | Vaults:5 | Found the +2 cloak of the Thief {*Fog Slay-2 SInv Stlth+}
 37008 | Vaults:5 | Noticed a golden dragon
 37020 | Vaults:5 | Killed a golden dragon
 37122 | Vaults:5 | Found the +6 lightning scales {swift, rElec}
 37362 | Vaults:5 | Reached XP level 22. HP: 171/171 MP: 29/29
 37378 | Vaults:5 | Reached skill level 19 in Armour
 37406 | Vaults:5 | Noticed a dread lich
 37439 | Vaults:5 | Identified the +10 flail "Fop Cuzareo" {venom, rElec Will-
                  | Int+2}
 37453 | Vaults:5 | Noticed a golden dragon
 37501 | Vaults:5 | Killed a golden dragon
 37810 | Vaults:5 | Gained mutation: Your body sometimes deteriorates upon
                  | taking damage. [a cacodemon]
 37814 | Vaults:5 | Killed a dread lich
 37815 | Vaults:5 | Reached skill level 20 in Armour
 37826 | Vaults:5 | Identified the +0 battleaxe of Foolhardiness {spect,
                  | ^Fragile Will+ Int+3 Stlth+}
 38224 | Vaults:5 | Noticed a golden dragon
 38233 | Vaults:5 | Killed a golden dragon
 38281 | Vaults:5 | Got a silver rune of Zot
 38359 | Vaults:5 | Got the Incunable of the Smouldering Gathering
 39011 | Depths:1 | Entered Level 1 of the Depths
 39022 | Depths:1 | Identified the +0 plate armour of Instinct {rC+ Dex+3}
 39027 | Depths:1 | You fall into a shaft and drop 1 floor!
 39309 | Depths:2 | Noticed Vv
 39472 | Depths:1 | Found a shimmering blue altar of Sif Muna.
 39566 | Depths:1 | Found a gateway to Hell.
 39590 | Depths:1 | Found Makenwav's Weapon Emporium.
 39819 | Depths:1 | Found a transporter.
 40262 | Depths:2 | Reached XP level 23. HP: 176/176 MP: 30/30
 40391 | Depths:2 | Found a one-way gate leading to the halls of Pandemonium.
 40976 | Depths:3 | Paralysed by a vampire knight for 4 turns
 41087 | Depths:3 | Noticed Grunn
 41457 | Abyss:2  | Cast into level 2 of the Abyss (reaper)
 41723 | Abyss:3  | Paralysed by accursed screaming for 1 turns
 41756 | Depths:2 | Escaped the Abyss
 41863 | Depths:2 | Killed Grunn
 41962 | Depths:3 | Found a runed translucent gate.
 41962 | Depths:3 | Found a runed translucent gate.
 41962 | Depths:3 | Found a runed translucent gate.
 42050 | Depths:3 | Noticed Sojobo
 42055 | Depths:3 | Paralysed by an air elemental for 1 turns
 42060 | Depths:3 | Paralysed by an air elemental for 1 turns
 42063 | Depths:3 | Paralysed by an air elemental for 1 turns
 42068 | Depths:3 | Paralysed by an air elemental for 1 turns
 42266 | Depths:2 | Killed Sojobo
 42498 | Depths:3 | Killed Vv
 42499 | Depths:3 | Reached XP level 24. HP: 117/183 MP: 30/30
 42596 | Depths:3 | Found a one-way gate to the infinite horrors of the Abyss.
 42760 | Depths:3 | Noticed Mennas
 42873 | Depths:2 | Killed Mennas
 43146 | Depths:4 | Entered Level 4 of the Depths
 43228 | Depths:4 | Found a radiant altar of Vehumet.
 43340 | Depths:4 | Reached skill level 15 in Evocations
 43462 | Depths:4 | Found a one-way gateway to a ziggurat.
 43625 | Depths:4 | Found a stormy altar of Qazlal.
 43708 | Depths:4 | Noticed Margery
 43730 | Depths:4 | Killed Margery
 43806 | Depths:4 | Reached skill level 21 in Armour
 44025 | Depths:4 | Found a gate to the Realm of Zot.
 44165 | Zot:1    | Entered Level 1 of the Realm of Zot
 44224 | Zot:1    | Found a runed translucent gate.
 44225 | Zot:1    | Found a runed translucent gate.
 44262 | Zot:1    | Noticed a curse toe
 44337 | Zot:1    | Killed a curse toe
 44598 | Zot:1    | Noticed a curse toe
 44822 | Zot:1    | Killed a curse toe
 44863 | Zot:1    | Reached skill level 22 in Armour
 44906 | Zot:1    | Got Cigotuvi's Excursus on Arsenical Last Rites
 44996 | Zot:1    | Reached XP level 25. HP: 189/189 MP: 30/30
 45068 | Zot:2    | Noticed a Killer Klown
 45095 | Zot:2    | Killed a Killer Klown
 45483 | Zot:3    | Reached skill level 23 in Armour
 45882 | Zot:4    | Noticed a Killer Klown
 46086 | Zot:3    | Annihilated by a snapping turtle

Illustrated notes

Levels and vault maps discovered:
D:1:      denvon_arrival_waterhouse, layout_basic,
          chequers_ecumenical_altar_simple, minmay_hexomino_p4
D:2:      layout_basic, basic_altar
D:3:      layout_basic, mainiacjoe_overflow_alcove_2, minmay_door_square,
          roderic_serpentine_path, uniq_natasha, uniq_terence, uniq_robin
D:4:      layout_basic, mainiacjoe_overflow_paths, uniq_menkaure
D:5:      layout_rooms, slow_altar_2, kennysheep_little_box,
          minmay_temple_entry_metal_lava, skrybe_limestone_x, hex_intersection
D:6:      layout_layer_cave, mainiacjoe_overflow_24_doors,
          mainiacjoe_overflow_alcove_1, gup_sewer_entry_pipe, bh_walls_and_bars
D:7:      layout_rooms, mainiacjoe_overflow_small_starburst,
          lemuel_doored_altar, serial_glass, glass_columns_c, glass_columns_c,
          nicolae_hexahallways
D:8:      layout_gridville, minivault_24
D:9:      layout_long_grid, mainiacjoe_overflow_catwalk, zin_statuary,
          david_lair_shrubbed, statue_in_the_mist_lemuel, nicolae_blasting_shop
D:10:     layout_gridville, orc_0_dummy
D:11:     layout_irregular_city, nicolae_dithmenos_through_a_glass_darkly
D:12:     layout_long_grid, kb_lookout_dungeons_type, kennysheep_small_square
D:13:     layout_rooms, david_vaults_2
D:14:     layout_cave_pools, minmay_misc_feat_alley,
          nicolae_shop_i_like_small_books_too
D:15:     grunt_enter_depths_giant_problem, layout_basic, elyvilon_altar_3,
          tekkud_shop_of_orbs, uniq_louise
Lair:1:   layout_regular_city, gammafunk_ghost_grave, serial_bayou_ford_a,
          nicolae_lair_run_with_the_wolves
Lair:2:   layout_regular_city, elwin_shoals_entry_rocks,
          nicolae_spider_entry_non_spiders
Lair:3:   layout_small_grid, lemuel_fruit_fields, serial_bayou_shore_b,
          uniq_amaemon
Lair:4:   layout_gridlike, dpeg_slime_entry_enclosed
Lair:5:   hangedman_lair_tendril_chambers, layout_layer_cave,
          guppyfry_lair_end_dragon, st_stairs_4, lemuel_old_faithful
Shoals:1: layout_shoals
Shoals:2: layout_shoals
Shoals:3: layout_shoals, serial_shops, nicolae_stop_n_shop_1,
          nicolae_shoals_bring_sunscreen
Shoals:4: shoals_end_grunt_garden, layout_shoals,
          nicolae_shoals_arrival_archipelago, uniq_mara
Spider:1: gammafunk_boulding_lane
Spider:2: layout_spider_delve, gammafunk_ghost_arena,
          nicolae_spider_world_wide_web, uniq_roxanne
Spider:3: layout_spider_delve, guppyfry_spider_mini_3
Spider:4: grunt_spider_rune_circles, nicolae_spider_twisty_arc_passages
Orc:1:    layout_caves, serial_shops, shop, bloody_makhleb, uniq_maurice
Orc:2:    st_orc_ogre_mass, layout_caves, serial_shops, shop,
          bh_open_orc_temple, uniq_urug
Vaults:1: grunt_vaults_hallway_long, ontoclasm_vaults_gateway,
          vaults_room_grunt_arrival_ludios, nicolae_vaults_diagonal_hallway_8,
          hangedman_vaults_maws, layout_vaults_chaotic_city, serial_shops,
          nicolae_shop_behind_doors
Vaults:2: v_misc_15, serial_library_hellmonk_big_corner,
          nicolae_vaults_shelves_hall, nicolae_vaults_lightning_bolt, v_misc_24,
          v_rooms_2, nicolae_vaults_border_crossing, v_misc_19,
          nicolae_vaults_sesquioval_fish, nicolae_vaults_three_branches,
          layout_vaults_ring, serial_shops,
          nicolae_shop_temple_entry_statues_fountains
Vaults:3: v_misc_26, hangedman_vaults_corner, blue_anna_dwarven_crypt,
          vaults_standard_mumra_enter_the_diamond, vaults_dpeg_encased_lava,
          hangedman_vaults_stream, vaults_dpeg_cross, v_misc_9,
          nicolae_vaults_security_offices_3, vaults_room_door_ring,
          vaults_dpeg_hooks, layout_vaults_omnigrid, uniq_norris
Vaults:4: v_rooms_1, ontoclasm_vaults_ring_large, nicolae_vaults_cochlea,
          v_misc_4, nicolae_vaults_stairing_the_circle, nicolae_vaults_house_2,
          nicolae_vaults_tetromino_T_1, hangedman_vaults_capsules,
          nicolae_vaults_trapezoid_lopsided_1, hangedman_vaults_river_flow,
          v_misc_19, st_eye, nicolae_vaults_network_quinsquares
          [nicolae_vaults_network_quincunx_subvault,
          nicolae_vaults_network_quincunx_subvault,
          nicolae_vaults_network_quincunx_subvault,
          nicolae_vaults_network_quincunx_subvault],
          nicolae_vaults_bisected_slash, layout_vaults_maze, serial_shops,
          nicolae_shop_rolling_square, uniq_zenata
Vaults:5: serial_shops
Depths:1: layout_twisted_cross, hell_entry, lemuel_coloured_pillars_altar,
          serial_shops, nicolae_shop_advertising_works
          [nicolae_subvault_shop_adworks], nicolae_water_bricks, drop_trap,
          nicolae_diode_basic
Depths:2: minmay_polygon_palace, layout_gridlike, serial_corexii_hall,
          corexii_hall_statues_l, chequers_hall_statues_corner_a,
          grunt_hell_entry_dis_grunt, pan_entry, serial_bayou_shore_b, uniq_vv
Depths:3: minmay_spriggan_fort, layout_cave_pools, minmay_room_of_horrors,
          hell_entry, pandoras_box_mu, uniq_sojobo, uniq_mennas, uniq_grunn
Depths:4: grunt_zot_entry_gee_three, layout_basic, enter_ziggurat_f, hell_entry,
          nicolae_qazlal_scattered_showers, vehumet_crystals, uniq_margery
Zot:1:    regret_index_all_hallows'_manor, layout_misc_corridors,
          ebering_ghost_gozag
Zot:2:    layout_gridlike, door_vault, grunt_megastairs_5
Zot:3:    hangedman_snap_crack_crunch, layout_cathedral_of_symmetry,
          hangedman_zot_decor_scrapings
Zot:4:    layout_gridlike, st_stairs_12, regret_index_zotdec_banners

Skill      XL: |  1  2  3  4  5  6  7  8  9 10 11 12 13 14 15 16 17 18 19 20 21 22 23 24 25 |
---------------+----------------------------------------------------------------------------+-----
Polearms       | 1 2 3 |  3.7
Maces & Flails | 4 5 7 11 12 14 15 16 | 16.0
Fighting       | 8 10 11 16 19 20 | 20.0
Armour         | 7 10 14 18 20 22 23 | 23.9
Evocations     | 4 10 13 15 | 15.0
Shields        | 6 10 12 15 18 20 | 20.0
Invocations    | 6 10 | 10.0
Dodging        | 9 10 | 10.0
Necromancy     | 8 10 | 10.0
Stealth        | |  5.3

Action                     |  1- 3 |  4- 6 |  7- 9 | 10-12 | 13-15 | 16-18 | 19-21 | 22-24 | 25-27 || total
---------------------------+-------+-------+-------+-------+-------+-------+-------+-------+-------++-------
  Melee: Mace              |    70 |       |       |       |       |       |       |       |       ||    70
         Great mace        |     2 |       |       |       |       |       |       |       |       ||     2
         Punch             |     1 |       |     1 |     7 |       |       |       |       |       ||     9
         Trident           |     7 |    35 |       |       |       |       |       |       |       ||    42
         Flail             |       |    25 |   216 |   487 |       |       |       |       |       ||   728
         Demon whip        |       |       |       |    98 |  1231 |       |       |       |       ||  1329
         Eveningstar       |       |       |       |       |   133 |  1153 |   966 |  1452 |   283 ||  3987
         Unarmed           |       |       |       |       |       |       |     1 |       |       ||     1
  Throw: Throwing net      |       |       |     1 |     1 |     1 |       |       |       |       ||     3
         Dart              |       |       |       |       |     2 |       |       |       |       ||     2
 Invoke: Ancestor Identity |     1 |       |       |       |       |       |       |       |       ||     1
         Recall Ancestor   |       |     1 |     4 |    10 |    30 |     3 |     5 |    13 |     3 ||    69
         Ancestor Life: Kn |       |       |     1 |       |       |       |       |       |       ||     1
  Evoke: Wand              |       |     2 |     2 |    21 |    13 |     2 |       |       |       ||    40
         Phantom mirror    |       |       |       |       |     1 |       |       |     1 |       ||     2
         Tin of tremorston |       |       |       |       |       |       |     1 |     3 |       ||     4
    Use: Scroll            |     1 |     4 |     7 |     9 |    18 |     7 |    10 |     7 |     1 ||    64
         Potion            |       |       |       |     6 |     3 |     3 |     3 |    11 |       ||    26
   Stab: Sleeping          |    11 |     8 |     2 |       |       |     1 |       |       |       ||    22
         Paralysed         |       |     8 |     1 |     2 |     7 |       |       |       |       ||    18
         Held in net/web   |       |       |     3 |       |     2 |       |       |       |       ||     5
         Distracted        |       |       |     1 |     4 |     9 |     8 |    11 |    30 |     9 ||    72
         Invisible         |       |       |       |     7 |       |       |       |       |       ||     7
 Armour: Leather armour    |    29 |    38 |    30 |       |       |       |       |       |       ||    97
         Plate armour      |       |       |   147 |   489 |   867 |    10 |    88 |       |       ||  1601
         Ring mail         |       |       |    18 |       |       |       |       |       |       ||    18
         Skin              |       |       |       |     7 |       |       |     1 |       |       ||     8
         Scale mail        |       |       |       |       |       |   838 |    10 |       |       ||   848
         Gold dragon scale |       |       |       |       |       |       |   557 |  1033 |   177 ||  1767
  Dodge: Dodged            |    40 |    42 |    66 |   190 |   433 |   497 |   216 |   472 |    86 ||  2042
  Block: Buckler           |       |       |       |     7 |   286 |       |       |       |       ||   293
         Tower shield      |       |       |       |       |    22 |  1502 |  1002 |  1712 |   309 ||  4547
